Capitals vs Sharks

Created - Wednesday, February 11, 2015 at 23:58

Goals
1 2 3 T
Capitals 2 0 2 4
Sharks 2 1 2 5
Shots
1 2 3 T
Capitals 6 7 10 23
Sharks 13 9 15 37

1st period

1. Capitals , Eric Gelinas 9 (Cory Emmerton) at 5:53
2. Sharks , Brian Gionta 11 (Nathan Gerbe, Dion Phaneuf) at 6:11
3. Capitals , Rickard Rakell 1 (James Wisniewski, Matt Beleskey) at 9:58
4. Sharks , Brian Gionta 12 (Nathan Gerbe) at 19:24 (PP)

Penalties :
Dion Phaneuf (SJ ) for Interference (Minor) at 11:22, RJ Umberger (Was) for Hooking (Minor) at 18:58

2nd period

5. Sharks , Mike Green 13 (Nathan Gerbe, Mike Weber) at 4:53 (PP)

Penalties :
James Wisniewski (Was) for Holding (Minor) at 3:21, Dainius Zubrus (Was) for Tripping (Minor) at 5:22

3rd period

6. Capitals , Eric Gelinas 10 (Dainius Zubrus, Linus Omark) at 2:48
7. Sharks , Adam Hall 4 (Mike Weber, Mike Green) at 3:00
8. Sharks , Nicklas Grossmann 7 (Dion Phaneuf, Nathan Gerbe) at 3:24 (PP)
9. Capitals , Linus Omark 7 (James Wisniewski) at 5:56

Penalties :
Matt Beleskey (Was) for Boarding (Minor) at 0:16, Matt Beleskey (Was) for Cross-checking (Minor) at 3:06, Matt Beleskey (Was) for Holding (Minor) at 7:41

Goalie Stats

Ilya Bryzgalov (Was), 32 saves from 37 shots - (0.865), L, 6-14-0, 60:00 minutes
Viktor Fasth (SJ ), 19 saves from 23 shots - (0.826), W, 3-13-0, 60:00 minutes

Players Stats for Capitals

Player Name              G  A  P  +/- PIM S  H  SB GA TA FO     MP     PP MP  PK MP  
------------------------------------------------------------------------------------
Brett Clark              0  0  0   0  0   0  0  1  0  0  0/0     2:55   0:00   0:00 
Brett Sutter             0  0  0   0  0   1  1  1  0  0  0/0    11:14   0:00   3:25 
Cory Emmerton            0  1  1   0  0   1  1  0  2  1  8/17   17:58   1:01   5:53 
Dainius Zubrus           0  1  1   2  2   1  4  1  3  0  0/1    16:36   0:00   0:00 
Eric Gelinas             2  0  2   1  0   2  4  1  1  1  0/0    23:22   1:19   3:22 
Eric O'Dell              0  0  0   0  0   1  2  0  0  0  1/1    16:41   0:00   1:27 
James Wisniewski         0  2  2   1  2   3  1  2  1  0  0/0    20:13   1:19   2:59 
Justin Florek            0  0  0   0  0   0  2  0  0  0  0/1    11:55   0:58   0:00 
Keaton Ellerby           0  0  0   1  0   1  0  1  0  3  0/0    28:36   0:40   5:14 
Linus Omark              1  1  2   2  0   4  0  0  0  0  0/1    17:10   1:01   0:00 
Lubomir Visnovsky        0  0  0  -1  0   3  1  5  1  1  0/0    24:17   0:40   4:51 
Mark Flood               0  0  0   1  0   0  0  0  0  0  0/0     6:34   0:00   0:00 
Matt Beleskey            0  1  1   0  6   0  2  0  0  3  0/1    18:55   0:58   2:28 
Matt Taormina            0  0  0   1  0   1  0  2  0  2  0/0    14:00   0:00   0:00 
Peter Regin              0  0  0   2  0   0  1  0  1  1  6/17   18:15   1:01   0:37 
Rickard Rakell           1  0  1   0  0   4  1  0  0  1  6/12   19:06   0:58   2:36 
RJ Umberger              0  0  0   0  2   1  0  0  2  1  0/4    16:22   0:00   0:00 
Travis Zajac             0  0  0   0  0   0  0  0  1  0  0/0     7:27   0:00   0:00 

Players Stats for Sharks

Player Name              G  A  P  +/- PIM S  H  SB GA TA FO     MP     PP MP  PK MP  
------------------------------------------------------------------------------------
Adam Hall                1  0  1   1  0   2  0  0  0  0  5/9    14:48   0:00   0:00 
Andrew Ebbett            0  0  0  -2  0   1  0  0  0  0  4/6     7:15   0:00   0:00 
Blake Comeau             0  0  0   1  0   3  1  0  1  0  0/0    14:45   0:00   0:00 
Brad Richards            0  0  0  -1  0   0  1  0  0  0  16/26  23:55   4:45   1:39 
Brian Gionta             2  0  2   1  0   5  1  0  7  0  0/0    19:44   4:45   0:20 
Deryk Engelland          0  0  0   1  0   1  0  0  0  0  0/1    13:07   0:00   0:00 
Dion Phaneuf             0  2  2  -2  2   2  6  1  0  2  0/0    26:38   6:33   0:00 
Erik Gustafsson          0  0  0   0  0   0  0  1  0  0  0/0     1:21   0:00   1:21 
Jay Harrison             0  0  0   0  0   1  2  0  2  0  0/0    14:14   0:00   0:00 
Mark Fistric             0  0  0   0  0   3  1  0  1  1  0/0    14:14   0:00   0:00 
Matt Hendricks           0  0  0  -2  0   0  1  1  1  0  0/0    18:14   3:28   0:00 
Mike Green               1  1  2   0  0   8  0  3  1  0  0/0    18:25   1:40   0:38 
Mike Weber               0  2  2   0  0   1  2  1  0  1  0/0    18:25   1:40   0:38 
Nathan Gerbe             0  4  4   1  0   3  0  0  7  0  0/1    18:44   4:45   0:00 
Nicklas Grossmann        1  0  1  -2  0   4  3  1  0  0  0/0    27:20   6:33   1:21 
Olli Jokinen             0  0  0  -2  0   0  0  0  1  1  7/9    19:35   3:28   1:21 
Rich Peverley            0  0  0  -2  0   3  1  3  4  1  2/2    19:14   3:28   0:20 
Tom Kostopoulos          0  0  0  -2  0   0  1  0  0  0  0/1     7:57   0:00   0:18 

3 Stars

1 - Eric Gelinas (Was)
2 - Brian Gionta (SJ )
3 - Nathan Gerbe (SJ )

Power Play

Capitals - 0 on 1 Attempt(s) - 0.00%
Sharks - 3 on 6 Attempt(s) - 50.00%

Penalty Kill

Capitals - 3 on 6 Attempt(s) - 50.00% - Score 0 goal in Penalty Kill
Sharks - 1 on 1 Attempt(s) - 100.00% - Score 0 goal in Penalty Kill

Team Stat

Capitals - Hits : 20 - Faceoff Wins : 21 - Blocked Shots : 14 - Penalty Minutes : 12
Sharks - Hits : 20 - Faceoff Wins : 34 - Blocked Shots : 11 - Penalty Minutes : 2

Official

Referees : Unknown
Linesman : Unknown

Game Notes

Brett Clark is injured at 16:12 of 1st period (Right Knee)

Finance

Level 1 -- Attendance: 4337 (72.28%) -- Ticket Income $385,993
Level 2 -- Attendance: 3306 (66.12%) -- Ticket Income $228,114
Level 3 -- Attendance: 1502 (75.10%) -- Ticket Income $52,570
Level 4 -- Attendance: 2151 (53.78%) -- Ticket Income $53,775
Luxury Box -- Attendance: 654 (65.40%) -- Ticket Income $130,146
Game was played at the HP Pavilion'
Total Attendance: 11950 (66.39%)
Total Ticket Income: $850,598
Other Income: $416,793
Total Income: $1,267,391

Capitals

5 vs 5 Forward 
   Center                   Left Wing                Right Wing               Time % Phy DF OF 
 1 Rickard Rakell           Matt Beleskey            Eric O'Dell              35     1   2  2  
 2 Peter Regin              Linus Omark              Dainius Zubrus           30     1   2  2  
 3 Cory Emmerton            Justin Florek            RJ Umberger              22     1   2  2  
 4 RJ Umberger              Travis Zajac             Brett Sutter             13     1   2  2  

5 vs 5 Defense 
   Defense                  Defense                                           Time % Phy DF OF 
 1 Lubomir Visnovsky        Keaton Ellerby                                    35     1   2  2  
 2 Eric Gelinas             Matt Taormina                                     30     1   2  2  
 3 Brett Clark              James Wisniewski                                  22     1   2  2  
 4 Mark Flood               Keaton Ellerby                                    13     1   2  2  

PowerPlay Forward 
   Center                   Left Wing                Right Wing               Time % Phy DF OF 
 1 Rickard Rakell           Matt Beleskey            Justin Florek            60     1   2  2  
 2 Peter Regin              Linus Omark              Cory Emmerton            40     1   2  2  

PowerPlay Defense
   Defense                  Defense                                           Time % Phy DF OF 
 1 Lubomir Visnovsky        Keaton Ellerby                                    60     1   2  2  
 2 Eric Gelinas             James Wisniewski                                  40     1   2  2  

Penalty Kill 4 Players Forward 
   Center                   Wing                     Time % Phy DF OF 
 1 Cory Emmerton            Matt Beleskey            60     1   2  2  
 2 Peter Regin              Eric O'Dell              40     1   2  2  

Penalty Kill 4 Players Defense
   Defense                  Defense                  Time % Phy DF OF 
 1 Lubomir Visnovsky        Keaton Ellerby           60     1   2  2  
 2 Eric Gelinas             James Wisniewski         40     1   2  2  

Penalty Kill - 3 Players Forward 
   Forward                                           Time % Phy DF OF 
 1 Peter Regin                                       60     1   2  2  
 2 Matt Beleskey                                     40     1   2  2  

Penalty Kill - 3 Players Defense
   Defense                  Defense                  Time % Phy DF OF 
 1 Lubomir Visnovsky        Keaton Ellerby           60     1   2  2  
 2 Eric Gelinas             Brett Clark              40     1   2  2  

4 vs 4 Forward 
   Center                   Wing                     Time % Phy DF OF 
 1 Cory Emmerton            Matt Beleskey            60     1   2  2  
 2 Peter Regin              Brett Sutter             40     1   2  2  

4 vs 4 Defense
   Defense                  Defense                  Time % Phy DF OF 
 1 James Wisniewski         Keaton Ellerby           60     1   2  2  
 2 Eric Gelinas             Lubomir Visnovsky        40     1   2  2  

Last Minutes Offensive
   Center                   Left Wing                Right Wing               Defense                  Defense                  
   Rickard Rakell           Matt Beleskey            Eric O'Dell              Lubomir Visnovsky        Keaton Ellerby           

Last Minutes Defensive
   Center                   Left Wing                Right Wing               Defense                  Defense                  
   Rickard Rakell           Matt Beleskey            Eric O'Dell              Lubomir Visnovsky        Keaton Ellerby           

Goaltenders
Starting : Ilya Bryzgalov           
Backup : Cristopher Nilstorp      

Extra Forwards
Normal : Cory Emmerton, Justin Florek, Brett Sutter - PP : Cory Emmerton, Justin Florek - PK : Brett Sutter
Extra Defensemen
Normal : Keaton Ellerby, Lubomir Visnovsky, Eric Gelinas - PP : Keaton Ellerby - PK : Keaton Ellerby, Eric Gelinas
Penalty Shots
RJ Umberger, Matt Beleskey, Peter Regin, Linus Omark, Cory Emmerton

Sharks

5 vs 5 Forward 
   Center                   Left Wing                Right Wing               Time % Phy DF OF 
 1 Brad Richards            Nathan Gerbe             Brian Gionta             35     1   2  2  
 2 Olli Jokinen             Matt Hendricks           Rich Peverley            30     1   2  2  
 3 Adam Hall                Blake Comeau             Deryk Engelland          22     1   2  2  
 4 Andrew Ebbett            Brad Richards            Tom Kostopoulos          13     1   2  2  

5 vs 5 Defense 
   Defense                  Defense                                           Time % Phy DF OF 
 1 Dion Phaneuf             Nicklas Grossmann                                 35     1   2  2  
 2 Mike Green               Mike Weber                                        30     1   2  2  
 3 Mark Fistric             Jay Harrison                                      22     1   2  2  
 4 Dion Phaneuf             Nicklas Grossmann                                 13     1   2  2  

PowerPlay Forward 
   Center                   Left Wing                Right Wing               Time % Phy DF OF 
 1 Brad Richards            Nathan Gerbe             Brian Gionta             60     1   2  2  
 2 Olli Jokinen             Matt Hendricks           Rich Peverley            40     1   2  2  

PowerPlay Defense
   Defense                  Defense                                           Time % Phy DF OF 
 1 Dion Phaneuf             Nicklas Grossmann                                 60     1   2  2  
 2 Mike Green               Mike Weber                                        40     1   2  2  

Penalty Kill 4 Players Forward 
   Center                   Wing                     Time % Phy DF OF 
 1 Brad Richards            Olli Jokinen             60     1   2  2  
 2 Brian Gionta             Rich Peverley            40     1   2  2  

Penalty Kill 4 Players Defense
   Defense                  Defense                  Time % Phy DF OF 
 1 Dion Phaneuf             Nicklas Grossmann        60     1   2  2  
 2 Mike Green               Mike Weber               40     1   2  2  

Penalty Kill - 3 Players Forward 
   Forward                                           Time % Phy DF OF 
 1 Brad Richards                                     60     1   2  2  
 2 Olli Jokinen                                      40     1   2  2  

Penalty Kill - 3 Players Defense
   Defense                  Defense                  Time % Phy DF OF 
 1 Dion Phaneuf             Nicklas Grossmann        60     1   2  2  
 2 Mike Green               Mike Weber               40     1   2  2  

4 vs 4 Forward 
   Center                   Wing                     Time % Phy DF OF 
 1 Brad Richards            Olli Jokinen             60     1   2  2  
 2 Brian Gionta             Rich Peverley            40     1   2  2  

4 vs 4 Defense
   Defense                  Defense                  Time % Phy DF OF 
 1 Dion Phaneuf             Nicklas Grossmann        60     1   2  2  
 2 Mike Green               Mike Weber               40     1   2  2  

Last Minutes Offensive
   Center                   Left Wing                Right Wing               Defense                  Defense                  
   Brad Richards            Nathan Gerbe             Brian Gionta             Dion Phaneuf             Nicklas Grossmann        

Last Minutes Defensive
   Center                   Left Wing                Right Wing               Defense                  Defense                  
   Brad Richards            Nathan Gerbe             Brian Gionta             Dion Phaneuf             Nicklas Grossmann        

Goaltenders
Starting : Viktor Fasth             
Backup : Aaron Dell               

Extra Forwards
Normal : Adam Hall, Blake Comeau, Tom Kostopoulos - PP : Adam Hall, Blake Comeau - PK : Tom Kostopoulos
Extra Defensemen
Normal : Mark Fistric, Nicklas Grossmann, Dion Phaneuf - PP : Mark Fistric - PK : Nicklas Grossmann, Dion Phaneuf
Penalty Shots
Brad Richards, Olli Jokinen, Brian Gionta, Rich Peverley, Nathan Gerbe

% Time on Ice - Capitals

Lines # - Real PCT - Wanted PCT - Time Play
Normal Forward
1 - 31% - 35% - 15:32
2 - 33% - 30% - 16:37
3 - 20% - 22% - 10:11
4 - 15% - 13% - 7:28
Normal Defense
1 - 27% - 35% - 13:17
2 - 30% - 30% - 14:46
3 - 30% - 22% - 15:11
4 - 13% - 13% - 6:34
PP Forward
1 - 49% - 60% - 0:58
2 - 51% - 40% - 1:01
PP Defense
1 - 34% - 60% - 0:40
2 - 66% - 40% - 1:19
PK Forward
1 - 92% - 60% - 7:36
2 - 8% - 40% - 0:37
PK Defense
1 - 59% - 60% - 4:51
2 - 41% - 40% - 3:22
PK3 Forward
1 - 0% - 60%
2 - 0% - 40%
PK3 Defense
1 - 0% - 60%
2 - 0% - 40%
44 Forward
1 - 0% - 60%
2 - 0% - 40%
44 Defense
1 - 0% - 60%
2 - 0% - 40%
Last Minute Offensive  - 0:00
Last Minute Defensive  - 0:00
Total
Forward - 60:00
Defense - 60:00

% Time on Ice - Sharks

Lines # - Real PCT - Wanted PCT - Time Play
Normal Forward
1 - 27% - 35% - 13:12
2 - 32% - 30% - 15:27
3 - 27% - 22% - 13:07
4 - 15% - 13% - 7:15
Normal Defense
1 - 31% - 35% - 15:17
2 - 33% - 30% - 16:08
3 - 29% - 22% - 14:14
4 - 7% - 13% - 3:22
PP Forward
1 - 58% - 60% - 4:45
2 - 42% - 40% - 3:28
PP Defense
1 - 80% - 60% - 6:33
2 - 20% - 40% - 1:40
PK Forward
1 - 83% - 60% - 1:39
2 - 17% - 40% - 0:20
PK Defense
1 - 68% - 60% - 1:21
2 - 32% - 40% - 0:38
PK3 Forward
1 - 0% - 60%
2 - 0% - 40%
PK3 Defense
1 - 0% - 60%
2 - 0% - 40%
44 Forward
1 - 0% - 60%
2 - 0% - 40%
44 Defense
1 - 0% - 60%
2 - 0% - 40%
Last Minute Offensive  - 0:00
Last Minute Defensive  - 0:47
Total
Forward - 60:00
Defense - 60:00

Play by Play

1st period


0:01 of 1st period - Brad Richards wins face-off versus Rickard Rakell in neutral zone.
0:33 of 1st period - Slapshot by Nathan Gerbe.
0:33 of 1st period - Stopped by Ilya Bryzgalov with a rebound.
0:35 of 1st period - Slapshot by Nicklas Grossmann.
0:35 of 1st period - Shot Blocked by Lubomir Visnovsky.
0:37 of 1st period - Slapshot by Brian Gionta.
0:37 of 1st period - Shot Misses the Net.
1:09 of 1st period - Olli Jokinen is hit by Dainius Zubrus and loses puck.
1:16 of 1st period - Slapshot by Mike Green.
1:16 of 1st period - Stopped by Ilya Bryzgalov with a rebound.
1:18 of 1st period - Snap shot by Rich Peverley.
1:18 of 1st period - Shot Misses the Net.
1:32 of 1st period - Mark Fistric is hit by Dainius Zubrus and loses puck.
1:43 of 1st period - Off-side.
1:44 of 1st period - Cory Emmerton wins face-off versus Andrew Ebbett in neutral zone.
1:57 of 1st period - Slapshot by Mike Green.
1:57 of 1st period - Deflect By Andrew Ebbett.
1:57 of 1st period - Shot Misses the Net.
1:57 of 1st period - Puck is out of play.
1:58 of 1st period - Andrew Ebbett wins face-off versus Justin Florek in Capitals zone.
2:01 of 1st period - Slapshot by Mike Green.
2:01 of 1st period - Stopped by Ilya Bryzgalov without a rebound.
2:02 of 1st period - Andrew Ebbett wins face-off versus Cory Emmerton in Capitals zone.
2:13 of 1st period - Slapshot by Mike Green.
2:13 of 1st period - Stopped by Ilya Bryzgalov with a rebound.
2:23 of 1st period - Slapshot by Eric Gelinas.
2:23 of 1st period - Shot Misses the Net.
2:25 of 1st period - Wrist shot by Cory Emmerton.
2:25 of 1st period - Shot Misses the Net.
2:27 of 1st period - Slapshot by RJ Umberger.
2:27 of 1st period - Deflect By Cory Emmerton.
2:27 of 1st period - Shot Blocked by Mike Green.
2:27 of 1st period - Puck is out of play.
2:28 of 1st period - Rickard Rakell wins face-off versus Adam Hall in Sharks zone.
2:29 of 1st period - Slapshot by James Wisniewski.
2:29 of 1st period - Stopped by Viktor Fasth with a rebound.
2:43 of 1st period - Slapshot by Dion Phaneuf.
2:43 of 1st period - Shot Misses the Net.
4:38 of 1st period - Icing by Keaton Ellerby.
4:39 of 1st period - Peter Regin wins face-off versus Deryk Engelland in Capitals zone.
4:51 of 1st period - Wrist shot by Blake Comeau.
4:51 of 1st period - Stopped by Ilya Bryzgalov with a rebound.
5:42 of 1st period - Off-side.
5:43 of 1st period - Andrew Ebbett wins face-off versus Cory Emmerton in neutral zone.
5:53 of 1st period - Slapshot by Eric Gelinas.
5:53 of 1st period - Deflect By Dion Phaneuf.
5:53 of 1st period - Goal by Eric Gelinas - Capitals : 1 - Sharks : 0.
5:54 of 1st period - Brad Richards wins face-off versus Cory Emmerton in neutral zone.
6:11 of 1st period - Wrist shot by Brian Gionta.
6:11 of 1st period - Goal by Brian Gionta - Capitals : 1 - Sharks : 1.
6:12 of 1st period - Brad Richards wins face-off versus RJ Umberger in neutral zone.
6:29 of 1st period - Wrist shot by Brian Gionta.
6:29 of 1st period - Deflect By Nathan Gerbe.
6:29 of 1st period - Shot Blocked by Lubomir Visnovsky.
6:29 of 1st period - Puck is out of play.
6:30 of 1st period - Brad Richards wins face-off versus RJ Umberger in Capitals zone.
7:08 of 1st period - Keaton Ellerby is hit by Dion Phaneuf and loses puck.
7:31 of 1st period - Backhand shot by Mike Green.
7:31 of 1st period - Stopped by Ilya Bryzgalov with a rebound.
7:41 of 1st period - Rich Peverley is hit by Matt Beleskey and loses puck.
8:04 of 1st period - Snap shot by Eric Gelinas.
8:04 of 1st period - Shot Blocked by Mike Green.
8:33 of 1st period - Eric Gelinas is hit by Mike Weber and loses puck.
8:52 of 1st period - Justin Florek is hit by Tom Kostopoulos and loses puck.
9:01 of 1st period - Wrist shot by Tom Kostopoulos.
9:01 of 1st period - Shot Misses the Net.
9:03 of 1st period - Snap shot by Mark Fistric.
9:03 of 1st period - Stopped by Ilya Bryzgalov without a rebound.
9:04 of 1st period - Cory Emmerton wins face-off versus Brad Richards in Capitals zone.
9:50 of 1st period - James Wisniewski is hit by Nicklas Grossmann.
9:58 of 1st period - Snap shot by Rickard Rakell.
9:58 of 1st period - Goal by Rickard Rakell - Capitals : 2 - Sharks : 1.
9:59 of 1st period - Adam Hall wins face-off versus Peter Regin in neutral zone.
11:04 of 1st period - Snap shot by Rich Peverley.
11:04 of 1st period - Shot Blocked by Lubomir Visnovsky.
11:22 of 1st period - Minor Penalty to Dion Phaneuf for Interference.
11:23 of 1st period - Rickard Rakell wins face-off versus Brad Richards in Sharks zone.
11:46 of 1st period - Nicklas Grossmann is hit by James Wisniewski and loses puck.
12:14 of 1st period - Slapshot by Eric Gelinas.
12:14 of 1st period - Shot Misses the Net.
12:16 of 1st period - Slapshot by Cory Emmerton.
12:16 of 1st period - Stopped by Viktor Fasth with a rebound.
12:18 of 1st period - Snap shot by Cory Emmerton.
12:18 of 1st period - Shot Misses the Net.
12:20 of 1st period - Wrist shot by Lubomir Visnovsky.
12:20 of 1st period - Stopped by Viktor Fasth with a rebound.
12:22 of 1st period - Snap shot by Keaton Ellerby.
12:22 of 1st period - Shot Blocked by Erik Gustafsson.
12:42 of 1st period - Erik Gustafsson is hit by Justin Florek and loses puck.
12:53 of 1st period - Brad Richards is hit by Peter Regin.
12:57 of 1st period - Slapshot by James Wisniewski.
12:57 of 1st period - Deflect By Linus Omark.
12:57 of 1st period - Shot Blocked by Mike Green.
12:57 of 1st period - Puck is out of play.
12:58 of 1st period - Peter Regin wins face-off versus Brad Richards in Sharks zone.
13:22 of 1st period - Penalty to Dion Phaneuf is over, Dion Phaneuf is back on ice.
13:30 of 1st period - Jay Harrison is hit by Eric Gelinas and loses puck.
13:37 of 1st period - Rickard Rakell is hit by Dion Phaneuf and loses puck.
14:42 of 1st period - Wrist shot by RJ Umberger.
14:42 of 1st period - Stopped by Viktor Fasth with a rebound.
15:18 of 1st period - RJ Umberger is hit by Jay Harrison.
15:22 of 1st period - Mark Fistric is hit by Justin Florek and loses puck.
16:12 of 1st period - Snap shot by Matt Hendricks.
16:12 of 1st period - Shot Blocked by Brett Clark.
16:12 of 1st period - Brett Clark from Capitals is injured at 16:12 of 1st period (Right Knee).
16:13 of 1st period - Brad Richards wins face-off versus Cory Emmerton in Capitals zone.
16:24 of 1st period - Snap shot by Nathan Gerbe.
16:24 of 1st period - Shot Misses the Net.
16:26 of 1st period - Slapshot by Nicklas Grossmann.
16:26 of 1st period - Shot Blocked by James Wisniewski.
16:28 of 1st period - Wrist shot by Nathan Gerbe.
16:28 of 1st period - Deflect By Brad Richards.
16:28 of 1st period - Shot Misses the Net.
16:28 of 1st period - Puck is out of play.
16:29 of 1st period - Brad Richards wins face-off versus Cory Emmerton in Capitals zone.
16:48 of 1st period - Snap shot by Brian Gionta.
16:48 of 1st period - Shot Misses the Net.
16:50 of 1st period - Wrist shot by Brian Gionta.
16:50 of 1st period - Shot Misses the Net.
17:18 of 1st period - Eric O'Dell is hit by Dion Phaneuf.
17:21 of 1st period - Off-side.
17:22 of 1st period - Olli Jokinen wins face-off versus Matt Beleskey in neutral zone.
17:49 of 1st period - Wrist shot by Olli Jokinen.
17:49 of 1st period - Shot Blocked by Matt Taormina.
17:51 of 1st period - Slapshot by Olli Jokinen.
17:51 of 1st period - Shot Misses the Net.
18:22 of 1st period - Wrist shot by Adam Hall.
18:22 of 1st period - Shot Misses the Net.
18:28 of 1st period - Slapshot by Blake Comeau.
18:28 of 1st period - Stopped by Ilya Bryzgalov without a rebound.
18:29 of 1st period - Brad Richards wins face-off versus Peter Regin in Capitals zone.
18:35 of 1st period - Slapshot by Mark Fistric.
18:35 of 1st period - Stopped by Ilya Bryzgalov with a rebound.
18:37 of 1st period - Wrist shot by Mark Fistric.
18:37 of 1st period - Shot Misses the Net.
18:39 of 1st period - Snap shot by Jay Harrison.
18:39 of 1st period - Shot Misses the Net.
18:41 of 1st period - Slapshot by Mark Fistric.
18:41 of 1st period - Stopped by Ilya Bryzgalov without a rebound.
18:42 of 1st period - Brad Richards wins face-off versus Peter Regin in Capitals zone.
18:47 of 1st period - Wrist shot by Brian Gionta.
18:47 of 1st period - Shot Misses the Net.
18:49 of 1st period - Slapshot by Nicklas Grossmann.
18:49 of 1st period - Shot Blocked by Lubomir Visnovsky.
18:51 of 1st period - Slapshot by Nicklas Grossmann.
18:51 of 1st period - Stopped by Ilya Bryzgalov without a rebound.
18:52 of 1st period - Olli Jokinen wins face-off versus Cory Emmerton in Capitals zone.
18:58 of 1st period - Minor Penalty to RJ Umberger for Hooking.
18:59 of 1st period - Cory Emmerton wins face-off versus Brad Richards in Capitals zone.
19:09 of 1st period - Keaton Ellerby is hit by Nicklas Grossmann and loses puck.
19:22 of 1st period - Wrist shot by Brian Gionta.
19:22 of 1st period - Shot Misses the Net.
19:24 of 1st period - Wrist shot by Brian Gionta.
19:24 of 1st period - Deflect By Lubomir Visnovsky.
19:24 of 1st period - Goal by Brian Gionta - Capitals : 2 - Sharks : 2.
19:25 of 1st period - Olli Jokinen wins face-off versus Peter Regin in neutral zone.
19:28 of 1st period - Dainius Zubrus is hit by Matt Hendricks and loses puck.
19:54 of 1st period - Snap shot by Rich Peverley.
19:54 of 1st period - Shot Misses the Net.
Goals for this period are 2 for Capitals vs 2 for Sharks.
Shots for this period are 6 for Capitals vs 13 for Sharks.

2nd period


0:01 of 2nd period - Rickard Rakell wins face-off versus Brad Richards in neutral zone.
0:04 of 2nd period - Slapshot by Lubomir Visnovsky.
0:04 of 2nd period - Shot Misses the Net.
0:06 of 2nd period - Snap shot by Rickard Rakell.
0:06 of 2nd period - Deflect By Nathan Gerbe.
0:06 of 2nd period - Shot Misses the Net.
0:06 of 2nd period - Puck is out of play.
0:07 of 2nd period - Brad Richards wins face-off versus Rickard Rakell in Sharks zone.
0:20 of 2nd period - Wrist shot by Nathan Gerbe.
0:20 of 2nd period - Shot Misses the Net.
1:08 of 2nd period - Icing by Lubomir Visnovsky.
1:09 of 2nd period - Rich Peverley wins face-off versus Cory Emmerton in Capitals zone.
1:12 of 2nd period - Slapshot by Matt Hendricks.
1:12 of 2nd period - Shot Misses the Net.
1:29 of 2nd period - Snap shot by Mike Green.
1:29 of 2nd period - Stopped by Ilya Bryzgalov without a rebound.
1:30 of 2nd period - Peter Regin wins face-off versus Adam Hall in Capitals zone.
1:37 of 2nd period - Slapshot by Mike Green.
1:37 of 2nd period - Deflect By Blake Comeau.
1:37 of 2nd period - Shot Misses the Net.
1:37 of 2nd period - Puck is out of play.
1:38 of 2nd period - Adam Hall wins face-off versus Peter Regin in Capitals zone.
1:54 of 2nd period - Icing by Matt Taormina.
1:55 of 2nd period - Olli Jokinen wins face-off versus Peter Regin in Capitals zone.
2:48 of 2nd period - Slapshot by Mike Green.
2:48 of 2nd period - Shot Misses the Net.
2:50 of 2nd period - Slapshot by Mike Weber.
2:50 of 2nd period - Shot Blocked by James Wisniewski.
3:18 of 2nd period - Wrist shot by Nathan Gerbe.
3:18 of 2nd period - Stopped by Ilya Bryzgalov without a rebound.
3:19 of 2nd period - Cory Emmerton wins face-off versus Adam Hall in Capitals zone.
3:21 of 2nd period - Minor Penalty to James Wisniewski for Holding.
3:22 of 2nd period - Brad Richards wins face-off versus Cory Emmerton in Capitals zone.
4:53 of 2nd period - Slapshot by Mike Green.
4:53 of 2nd period - Goal by Mike Green - Capitals : 2 - Sharks : 3.
4:54 of 2nd period - Adam Hall wins face-off versus Dainius Zubrus in neutral zone.
5:07 of 2nd period - Slapshot by Dion Phaneuf.
5:07 of 2nd period - Shot Misses the Net.
5:09 of 2nd period - Backhand shot by Nicklas Grossmann.
5:09 of 2nd period - Shot Misses the Net.
5:11 of 2nd period - Slapshot by Nicklas Grossmann.
5:11 of 2nd period - Shot Misses the Net.
5:13 of 2nd period - Snap shot by Adam Hall.
5:13 of 2nd period - Stopped by Ilya Bryzgalov with a rebound.
5:15 of 2nd period - Slapshot by Dion Phaneuf.
5:15 of 2nd period - Shot Misses the Net.
5:22 of 2nd period - Minor Penalty to Dainius Zubrus for Tripping.
5:23 of 2nd period - Brad Richards wins face-off versus Cory Emmerton in Capitals zone.
6:17 of 2nd period - Peter Regin is hit by Rich Peverley and loses puck.
6:38 of 2nd period - Snap shot by Rickard Rakell.
6:38 of 2nd period - Shot Blocked by Rich Peverley.
6:40 of 2nd period - Wrist shot by Lubomir Visnovsky.
6:40 of 2nd period - Shot Blocked by Nicklas Grossmann.
6:42 of 2nd period - Slapshot by Keaton Ellerby.
6:42 of 2nd period - Shot Blocked by Rich Peverley.
6:44 of 2nd period - Slapshot by Keaton Ellerby.
6:44 of 2nd period - Stopped by Viktor Fasth with a rebound.
6:46 of 2nd period - Slapshot by Keaton Ellerby.
6:46 of 2nd period - Shot Blocked by Dion Phaneuf.
6:48 of 2nd period - Snap shot by Rickard Rakell.
6:48 of 2nd period - Stopped by Viktor Fasth with a rebound.
6:50 of 2nd period - Snap shot by James Wisniewski.
6:50 of 2nd period - Stopped by Viktor Fasth with a rebound.
6:54 of 2nd period - Wrist shot by Rickard Rakell.
6:54 of 2nd period - Stopped by Viktor Fasth with a rebound.
7:14 of 2nd period - Slapshot by Eric O'Dell.
7:14 of 2nd period - Stopped by Viktor Fasth without a rebound.
7:15 of 2nd period - Brad Richards wins face-off versus Peter Regin in Sharks zone.
7:22 of 2nd period - Penalty to Dainius Zubrus is over, Dainius Zubrus is back on ice.
7:40 of 2nd period - Brian Gionta is hit by Dainius Zubrus and loses puck.
8:18 of 2nd period - Adam Hall is hit by Eric Gelinas and loses puck.
8:57 of 2nd period - Mark Flood is hit by Mike Weber and loses puck.
9:32 of 2nd period - Slapshot by Mike Green.
9:32 of 2nd period - Stopped by Ilya Bryzgalov with a rebound.
10:06 of 2nd period - Slapshot by Eric Gelinas.
10:06 of 2nd period - Shot Misses the Net.
10:08 of 2nd period - Backhand shot by Matt Taormina.
10:08 of 2nd period - Deflect By Nathan Gerbe.
10:08 of 2nd period - Stopped by Viktor Fasth without a rebound.
10:09 of 2nd period - Brad Richards wins face-off versus RJ Umberger in Sharks zone.
10:18 of 2nd period - Snap shot by Nicklas Grossmann.
10:18 of 2nd period - Stopped by Ilya Bryzgalov with a rebound.
11:00 of 2nd period - Slapshot by James Wisniewski.
11:00 of 2nd period - Stopped by Viktor Fasth with a rebound.
13:07 of 2nd period - Matt Hendricks is hit by Eric O'Dell and loses puck.
13:33 of 2nd period - Mike Green is hit by Cory Emmerton and loses puck.
14:08 of 2nd period - Slapshot by Dion Phaneuf.
14:08 of 2nd period - Stopped by Ilya Bryzgalov without a rebound.
14:09 of 2nd period - Peter Regin wins face-off versus Andrew Ebbett in Capitals zone.
14:30 of 2nd period - Snap shot by Linus Omark.
14:30 of 2nd period - Shot Misses the Net.
14:44 of 2nd period - Matt Hendricks is hit by Matt Beleskey.
15:06 of 2nd period - Snap shot by Cory Emmerton.
15:06 of 2nd period - Shot Blocked by Rich Peverley.
15:28 of 2nd period - Slapshot by James Wisniewski.
15:28 of 2nd period - Shot Blocked by Matt Hendricks.
15:30 of 2nd period - Slapshot by James Wisniewski.
15:30 of 2nd period - Shot Blocked by Mike Weber.
15:54 of 2nd period - Snap shot by Adam Hall.
15:54 of 2nd period - Shot Misses the Net.
17:35 of 2nd period - Matt Taormina is hit by Dion Phaneuf and loses puck.
18:04 of 2nd period - Rickard Rakell is hit by Nicklas Grossmann and loses puck.
18:10 of 2nd period - Off-side.
18:11 of 2nd period - Brad Richards wins face-off versus RJ Umberger in neutral zone.
18:14 of 2nd period - Snap shot by Brian Gionta.
18:14 of 2nd period - Shot Misses the Net.
18:32 of 2nd period - RJ Umberger is hit by Brian Gionta and loses puck.
19:26 of 2nd period - Snap shot by Jay Harrison.
19:26 of 2nd period - Stopped by Ilya Bryzgalov without a rebound.
19:27 of 2nd period - Andrew Ebbett wins face-off versus Peter Regin in Capitals zone.
19:30 of 2nd period - Snap shot by Andrew Ebbett.
19:30 of 2nd period - Stopped by Ilya Bryzgalov with a rebound.
19:52 of 2nd period - Snap shot by Brian Gionta.
19:52 of 2nd period - Shot Misses the Net.
19:58 of 2nd period - Brian Gionta is hit by Brett Sutter and loses puck.
Goals for this period are 0 for Capitals vs 1 for Sharks.
Shots for this period are 7 for Capitals vs 9 for Sharks.

3rd period


0:01 of 3rd period - Rickard Rakell wins face-off versus Brad Richards in neutral zone.
0:16 of 3rd period - Minor Penalty to Matt Beleskey for Boarding.
0:17 of 3rd period - Cory Emmerton wins face-off versus Brad Richards in Capitals zone.
1:49 of 3rd period - Brett Sutter is hit by Dion Phaneuf and loses puck.
2:08 of 3rd period - Slapshot by James Wisniewski.
2:08 of 3rd period - Shot Misses the Net.
2:10 of 3rd period - Slapshot by Lubomir Visnovsky.
2:10 of 3rd period - Stopped by Viktor Fasth without a rebound.
2:11 of 3rd period - Eric O'Dell wins face-off versus Olli Jokinen in Sharks zone.
2:16 of 3rd period - Penalty to Matt Beleskey is over, Matt Beleskey is back on ice.
2:16 of 3rd period - Wrist shot by Rickard Rakell.
2:16 of 3rd period - Stopped by Viktor Fasth without a rebound.
2:17 of 3rd period - Olli Jokinen wins face-off versus Peter Regin in Sharks zone.
2:38 of 3rd period - Snap shot by Linus Omark.
2:38 of 3rd period - Stopped by Viktor Fasth with a rebound.
2:46 of 3rd period - Slapshot by Dainius Zubrus.
2:46 of 3rd period - Stopped by Viktor Fasth with a rebound.
2:48 of 3rd period - Slapshot by Eric Gelinas.
2:48 of 3rd period - Goal by Eric Gelinas - Capitals : 3 - Sharks : 3.
2:49 of 3rd period - Adam Hall wins face-off versus Rickard Rakell in neutral zone.
2:54 of 3rd period - Slapshot by Mike Green.
2:54 of 3rd period - Stopped by Ilya Bryzgalov with a rebound.
2:56 of 3rd period - Slapshot by Mike Green.
2:56 of 3rd period - Shot Blocked by Keaton Ellerby.
2:58 of 3rd period - Snap shot by Mike Weber.
2:58 of 3rd period - Shot Misses the Net.
3:00 of 3rd period - Wrist shot by Adam Hall.
3:00 of 3rd period - Goal by Adam Hall - Capitals : 3 - Sharks : 4.
3:01 of 3rd period - Brad Richards wins face-off versus Rickard Rakell in neutral zone.
3:04 of 3rd period - Slapshot by Brian Gionta.
3:04 of 3rd period - Stopped by Ilya Bryzgalov with a rebound.
3:06 of 3rd period - Minor Penalty to Matt Beleskey for Cross-checking.
3:07 of 3rd period - Cory Emmerton wins face-off versus Brad Richards in Capitals zone.
3:20 of 3rd period - Slapshot by Dion Phaneuf.
3:20 of 3rd period - Stopped by Ilya Bryzgalov with a rebound.
3:22 of 3rd period - Slapshot by Dion Phaneuf.
3:22 of 3rd period - Shot Blocked by Lubomir Visnovsky.
3:24 of 3rd period - Slapshot by Nicklas Grossmann.
3:24 of 3rd period - Goal by Nicklas Grossmann - Capitals : 3 - Sharks : 5.
3:25 of 3rd period - Rickard Rakell wins face-off versus Brad Richards in neutral zone.
3:54 of 3rd period - Snap shot by Nathan Gerbe.
3:54 of 3rd period - Shot Misses the Net.
4:30 of 3rd period - Wrist shot by Rich Peverley.
4:30 of 3rd period - Stopped by Ilya Bryzgalov with a rebound.
4:54 of 3rd period - Slapshot by Eric Gelinas.
4:54 of 3rd period - Shot Misses the Net.
5:17 of 3rd period - Justin Florek is hit by Blake Comeau and loses puck.
5:24 of 3rd period - Wrist shot by Blake Comeau.
5:24 of 3rd period - Stopped by Ilya Bryzgalov with a rebound.
5:51 of 3rd period - Nicklas Grossmann is hit by Dainius Zubrus and loses puck.
5:56 of 3rd period - Snap shot by Linus Omark.
5:56 of 3rd period - Goal by Linus Omark - Capitals : 4 - Sharks : 5.
5:57 of 3rd period - Peter Regin wins face-off versus Olli Jokinen in neutral zone.
6:10 of 3rd period - Slapshot by Matt Hendricks.
6:10 of 3rd period - Shot Blocked by Dainius Zubrus.
6:12 of 3rd period - Wrist shot by Matt Hendricks.
6:12 of 3rd period - Deflect By Rich Peverley.
6:12 of 3rd period - Shot Misses the Net.
6:12 of 3rd period - Puck is out of play.
6:13 of 3rd period - Rich Peverley wins face-off versus Linus Omark in Capitals zone.
6:16 of 3rd period - Snap shot by Olli Jokinen.
6:16 of 3rd period - Shot Misses the Net.
6:22 of 3rd period - Snap shot by Rich Peverley.
6:22 of 3rd period - Stopped by Ilya Bryzgalov with a rebound.
6:34 of 3rd period - Snap shot by Rich Peverley.
6:34 of 3rd period - Shot Misses the Net.
6:42 of 3rd period - Wrist shot by Rich Peverley.
6:42 of 3rd period - Stopped by Ilya Bryzgalov with a rebound.
6:44 of 3rd period - Slapshot by Nicklas Grossmann.
6:44 of 3rd period - Stopped by Ilya Bryzgalov with a rebound.
7:22 of 3rd period - Wrist shot by Brian Gionta.
7:22 of 3rd period - Stopped by Ilya Bryzgalov without a rebound.
7:23 of 3rd period - Adam Hall wins face-off versus Rickard Rakell in Capitals zone.
7:41 of 3rd period - Minor Penalty to Matt Beleskey for Holding.
7:42 of 3rd period - Cory Emmerton wins face-off versus Nathan Gerbe in Capitals zone.
7:49 of 3rd period - Off-side.
7:50 of 3rd period - Cory Emmerton wins face-off versus Brad Richards in neutral zone.
7:55 of 3rd period - Nicklas Grossmann is hit by Eric Gelinas and loses puck.
8:02 of 3rd period - Snap shot by Brian Gionta.
8:02 of 3rd period - Stopped by Ilya Bryzgalov with a rebound.
8:04 of 3rd period - Backhand shot by Brian Gionta.
8:04 of 3rd period - Shot Misses the Net.
9:31 of 3rd period - Mike Weber is hit by Eric O'Dell and loses puck.
9:41 of 3rd period - Penalty to Matt Beleskey is over, Matt Beleskey is back on ice.
9:45 of 3rd period - Mike Weber is hit by Rickard Rakell.
9:57 of 3rd period - Adam Hall is hit by Lubomir Visnovsky.
10:59 of 3rd period - Eric Gelinas is hit by Jay Harrison and loses puck.
11:12 of 3rd period - Snap shot by Matt Hendricks.
11:12 of 3rd period - Shot Blocked by Matt Taormina.
11:14 of 3rd period - Wrist shot by Matt Hendricks.
11:14 of 3rd period - Shot Blocked by Brett Sutter.
11:16 of 3rd period - Wrist shot by Matt Hendricks.
11:16 of 3rd period - Shot Blocked by Eric Gelinas.
11:51 of 3rd period - Icing by Jay Harrison.
11:52 of 3rd period - Peter Regin wins face-off versus Adam Hall in Sharks zone.
11:53 of 3rd period - Wrist shot by Linus Omark.
11:53 of 3rd period - Stopped by Viktor Fasth without a rebound.
11:54 of 3rd period - Olli Jokinen wins face-off versus Peter Regin in Sharks zone.
12:05 of 3rd period - Wrist shot by Linus Omark.
12:05 of 3rd period - Deflect By Peter Regin.
12:05 of 3rd period - Shot Misses the Net.
12:05 of 3rd period - Puck is out of play.
12:06 of 3rd period - Olli Jokinen wins face-off versus Peter Regin in Sharks zone.
12:30 of 3rd period - Snap shot by Linus Omark.
12:30 of 3rd period - Stopped by Viktor Fasth with a rebound.
12:54 of 3rd period - Nicklas Grossmann is hit by Eric Gelinas.
13:00 of 3rd period - RJ Umberger is hit by Brad Richards.
13:46 of 3rd period - Slapshot by Mike Weber.
13:46 of 3rd period - Stopped by Ilya Bryzgalov without a rebound.
13:47 of 3rd period - Rickard Rakell wins face-off versus Tom Kostopoulos in Capitals zone.
14:08 of 3rd period - Eric O'Dell is hit by Mark Fistric.
14:37 of 3rd period - Wrist shot by Blake Comeau.
14:37 of 3rd period - Shot Misses the Net.
14:39 of 3rd period - Slapshot by Nicklas Grossmann.
14:39 of 3rd period - Deflect By Deryk Engelland.
14:39 of 3rd period - Stopped by Ilya Bryzgalov with a rebound.
15:29 of 3rd period - Slapshot by Lubomir Visnovsky.
15:29 of 3rd period - Deflect By Dion Phaneuf.
15:29 of 3rd period - Stopped by Viktor Fasth with a rebound.
15:31 of 3rd period - Snap shot by Brett Sutter.
15:31 of 3rd period - Stopped by Viktor Fasth with a rebound.
15:48 of 3rd period - Off-side.
15:49 of 3rd period - Brad Richards wins face-off versus Rickard Rakell in neutral zone.
15:52 of 3rd period - Snap shot by Mike Green.
15:52 of 3rd period - Shot Hit the Post.
16:04 of 3rd period - Wrist shot by Brian Gionta.
16:04 of 3rd period - Shot Misses the Net.
19:19 of 3rd period - Cory Emmerton is hit by Dion Phaneuf and loses puck.
19:30 of 3rd period - Wrist shot by Nathan Gerbe.
19:30 of 3rd period - Stopped by Ilya Bryzgalov with a rebound.
Goals for this period are 2 for Capitals vs 2 for Sharks.
Shots for this period are 10 for Capitals vs 15 for Sharks.


Output by the SimonT Hockey Simulator (STHS) for Eric Dolegowski -- Original Page W3C XHTML 1.0 Valid
Hockey Simulator - Hockey Simulation - Hockey Manager